 Dungeon Crawl Stone Soup version 0.30-a0-354-g6b83867211 (webtiles) character file.

Game seed: 368134217324715323

419 mopl the Magician (level 6, -5/45 HPs)
             Began as a Draconian Fire Elementalist on Nov 7, 2022.
             Slain by a scorpion (6 damage)
             ... on level 5 of the Dungeon.
             The game lasted 00:07:05 (3512 turns).

mopl the Magician (Draconian Fire Elementalist)     Turns: 3512, Time: 00:07:09

Health: -5/45      AC:  9    Str: 10    XL:     6   Next: 62%
Magic:  12/12      EV: 12    Int: 18    God:
Gold:   234        SH:  0    Dex: 11    Spells: 5/13 levels left

rFire   . . .      SeeInvis .    a - staff of conjuration
rCold   . . .      Faith    .    (no shield)
rNeg    + . .      Spirit   .    (body armour unavailable)
rPois   .          Reflect  .    (helmet restricted)
rElec   .          Harm     .    (no cloak)
rCorr   .          Rampage  .    b - +0 pair of gloves
Will    .....                    c - +1 pair of boots {Fly}
Stlth   ++........               (no amulet)
HPRegen 0.27/turn                q - ring of positive energy
MPRegen 0.13/turn                (no ring)

@: about to teleport, flying
A: AC +6, unfitting armour, cold-blooded
a: no special abilities


You were on level 5 of the Dungeon.
You visited 1 branch of the dungeon, and saw 5 of its levels.

You collected 234 gold pieces.

Inventory:

Missiles
 p - 13 poisoned darts
 s - a boomerang of dispersal
Armour
 b - a +0 pair of gloves (worn)
 c - a +1 pair of boots of flying (worn)
Magical Staves
 a - a staff of conjuration (weapon)
Jewellery
 q - a ring of positive energy (left hand)
Wands
 l - a wand of polymorph (3)
Scrolls
 e - 2 scrolls of identify
 f - a scroll of amnesia {unknown}
 g - a scroll of acquirement {unknown}
 j - 2 scrolls of teleportation
 k - a scroll of magic mapping {unknown}
 n - 4 scrolls of immolation
 o - a scroll of enchant weapon {unknown}
 r - a scroll of poison {unknown}
 v - a scroll of noise {unknown}
Potions
 d - a potion of brilliance
 h - 2 potions of attraction {unknown}
 i - a potion of resistance
 m - a potion of invisibility
 t - a potion of magic
 u - a potion of heal wounds {unknown}


   Skills:
 - Level 1.7 Dodging
 - Level 1.7 Stealth
 * Level 4.2 Spellcasting
 * Level 4.2 Conjurations
 + Level 2.2 Necromancy
 + Level 0.2 Translocations
 - Level 3.0 Fire Magic
 + Level 0.2 Air Magic
 + Level 1.8 Evocations


You had 5 spell levels left.
You knew the following spells:

 Your Spells              Type           Power      Damage    Failure   Level
a - Foxfire               Conj/Fire      100%       2x1d9     3%          1
b - Scorch                Fire           28%        2d6       6%          2
c - Kindle Blastsparks    Fire/Tloc/Air  14%        2d11      26%         3
w - Sublimation of Blood  Necr           11%        N/A       9%          2

Your spell library contained the following spells:

 Spells                   Type           Power      Damage    Failure   Level
 Wereblood                Tmut           3%         N/A       22%         2
 Inner Flame              Hex/Fire       9%         N/A       24%         3
 Flame Wave               Conj/Fire      25%        2d8       32%         4
 Cause Fear               Hex            1%         N/A       82%         4
 Summon Hydra             Summ           1%         N/A       100%        7
 Discord                  Hex            1%         N/A       100%        8


Dungeon Overview and Level Annotations

Branches:
Dungeon (5/15)
 Temple: D:4-7

Altars:

Shops:
D:4 (


Innate Abilities, Weirdness & Mutations

Your plain brown scales are hard. (AC +6)
You cannot fit into any form of body armour.
You are cold-blooded and may be slowed by cold attacks.


Message History

You fly upwards.
There is a stone staircase leading down here.
Flames lash the orc.
The orc is almost dead.
The orc's fire resistance burns away.
The orc misses you.
You miscast Scorch.
You are very lightly contaminated with residual magic.
Nothing appears to happen.
The orc barely misses you.
Flames lash the orc.
The orc is burned terribly!
You kill the orc!
You start resting.
Your magical contamination has completely faded away.
You start resting.
HP restored.
You start resting.
Magic restored.
You fly downwards.
The ogre hits you with a +0 giant spiked club!
The orc hits you but does no damage. The orc hits you with a +0 dagger.
The orc hits you with a +0 whip. The orc hits you but does no damage.
The orc closely misses you.
There is a stone staircase leading up, spattered with blood here.
Unknown command.
The orc attacks as you move away! The orc barely misses you.
The orc attacks as you move away! The orc closely misses you.
A scorpion comes into view.
The orc hits you but does no damage.
An adder comes into view.
The orc hits you with a +0 club. The orc hits you but does no damage.
The scorpion barely misses you. The orc attacks as you move away!
The orc hits you but does no damage.
Found a stone staircase leading down.
The orc hits you but does no damage. The scorpion barely misses you.
As you read the scroll labelled ZEWALUHOLA, it crumbles to dust.
You feel strangely unstable.
It was a scroll of teleportation.
The ogre hits you with a +0 giant spiked club!!
Ouch! That really hurt!
* * * LOW HITPOINT WARNING * * *
The scorpion stings you.
You die...

#..###.##.#
#.........#
..........
.........#
.........###
.......<...#
.....=.o.#.#
......ooO#
.=.....@s#
#.............#
..............#
.......##.###.#
#.##S## .# # .
.. .# .. .. >..
.


You could see an ogre, a scorpion, an adder and 3 orcs.

Vanquished Creatures
  Sigmund (D:3)
  An orc priest (D:3)
  Terence (D:3)
  3 gnolls (D:2)
  9 adders
  A white imp (D:5)
  2 dart slugs
  7 orcs
  10 endoplasms
  5 giant cockroaches
  A goblin (D:2)
  6 hobgoblins
  3 jackals (D:4)
  8 kobolds
  5 quokkas
  8 ball pythons
  6 bats
  2 frilled lizards (D:3)
  5 rats
84 creatures vanquished.

Vanquished Creatures (others)
  15 foxfires (D:1)
15 creatures vanquished.

Grand Total: 99 creatures vanquished

Notes
Turn   | Place    | Note
-------+----------+-------------------------------------------
     0 | D:1      | mopl the Draconian Fire Elementalist began the quest for
                  | the Orb.
     0 | D:1      | Reached XP level 1. HP: 14/14 MP: 3/3
   169 | D:1      | Reached XP level 2. HP: 15/20 MP: 0/5
   172 | D:1      | Learned a level 2 spell: Scorch
   706 | D:2      | Reached skill level 2 in Conjurations
   764 | D:2      | Reached XP level 3. HP: 26/26 MP: 0/7
   896 | D:2      | Reached skill level 3 in Spellcasting
  1086 | D:2      | Reached XP level 4. HP: 33/33 MP: 1/8
  1297 | D:2      | Reached skill level 3 in Conjurations
  1348 | D:2      | Learned a level 2 spell: Sublimation of Blood
  1877 | D:3      | Noticed Terence
  1937 | D:3      | Killed Terence
  1938 | D:3      | Reached skill level 1 in Evocations
  1938 | D:3      | Reached XP level 5. HP: 6/38 MP: 0/10
  2225 | D:3      | Noticed Sigmund
  2233 | D:3      | Killed Sigmund
  2234 | D:3      | Reached skill level 4 in Spellcasting
  2234 | D:3      | Reached skill level 2 in Necromancy
  2234 | D:3      | Reached XP level 6. HP: 40/45 MP: 0/12
  2452 | D:3      | Reached skill level 4 in Conjurations
  2772 | D:4      | Learned a level 3 spell: Kindle Blastsparks
  3111 | D:4      | Found Hisuvuar's Weapon Shoppe.
  3400 | D:5      | Entered Level 5 of the Dungeon
  3512 | D:5      | HP: 1/45 [ogre/+0 giant spiked club (28)]
  3512 | D:5      | Slain by a scorpion

Illustrated notes

Levels and vault maps discovered:
D:1:      dpeg_arrival_rhombi, layout_rooms, grunt_decor_resistance,
          nicolae_eternal_life
D:2:      layout_basic
D:3:      minmay_chambers_of_threes, layout_basic, minmay_misc_feat_encased,
          grunt_ministairs_5, nicolae_elevator_lobby_plus, uniq_terence,
          uniq_sigmund
D:4:      layout_basic, serial_shops, nicolae_shop_behind_doors
D:5:      layout_rooms, nicolae_overflow_crystal_walls,
          pdpol_wu_jian_five_deadly_venoms, nicolae_tso_besieged_by_evil,
          temple_statues

Skill      XL: |  1  2  3  4  5  6 |
---------------+-------------------+-----
Conjurations   | 2 3 4 |  4.2
Spellcasting   | 3 4 |  4.2
Evocations     | 1 |  1.8
Necromancy     | 2 |  2.2
Dodging        | |  1.7
Stealth        | |  1.7
Translocations | |  0.2
Fire Magic     | |  3.0
Air Magic      | |  0.2

Action                   |  1- 3 |  4- 6 || total
-------------------------+-------+-------++-------
Melee: Unarmed           |    36 |    50 ||    86
       Punch             |     1 |     1 ||     2
       Tailslap          |     3 |     6 ||     9
       Staff             |       |    14 ||    14
       Long sword        |       |    10 ||    10
Throw: Dart              |       |     4 ||     4
       Throwing net      |       |     1 ||     1
 Cast: Foxfire           |     9 |       ||     9
       Scorch            |    21 |    78 ||    99
       Sublimation of Bl |       |     3 ||     3
  Use: Scroll            |       |     6 ||     6
Armor: Skin              |    20 |    66 ||    86
Dodge: Dodged            |    41 |    72 ||   113

Table legend: (Time is in decaauts)
 A = Elapsed time spent in this place.
 B = Non-inter-level travel time spent in this place.
 C = Inter-level travel time spent in this place.
 D = Time resting spent in this place.
 E = Time spent auto-exploring this place.
 F = Levels seen in this place.
 G = Mean time per level.
                   A        B        C        D        E       F      G
               +--------+--------+--------+--------+--------+-----+--------+
         Total |   3520 |   3384 |    136 |    658 |   2051 |   5 |  704.0 |
       Dungeon |   3520 |   3384 |    136 |    658 |   2051 |   5 |  704.0 |
               +--------+--------+--------+--------+--------+-----+--------+

Top non-repeatable levels by time:
     D:3: 1206 daAuts
     D:4: 838 daAuts
     D:1: 779 daAuts
     D:2: 680 daAuts
     D:5: 16 daAuts
